 Dungeon Crawl Stone Soup version 0.17.1-3-g152610e (webtiles) character file.

10338 Heskey the Fighter (level 11, -3/111 HPs)
             Began as a Minotaur Gladiator on Apr 7, 2016.
             Was a High Priest of Makhleb.
             Slain by Urug
             ... wielding a +0 war axe
              (9 damage)
             ... on level 10 of the Dungeon.
             The game lasted 00:20:27 (8869 turns).

Heskey the Fighter (Minotaur Gladiator)             Turns: 8869, Time: 00:20:27

Health: -3/111     AC: 25    Str: 22    XL:     11   Next: 34%
Magic:  10/10      EV: 12    Int:  7    God:    Makhleb [*****.]
Gold:   366        SH:  0    Dex: 12    Spells: 0 memorised, 10 levels left

rFire  . . .     SeeInvis .     a - +3 quarterstaff
rCold  . . .     Clarity  +     u - +3 plate armour
rNeg   . . .     SustAt   .     (shield currently unavailable)
rPois  +         Gourm    .     c - +0 hat
rElec  .         Spirit   .     r - +0 cloak
rCorr  .         Warding  .     l - +0 pair of gloves
rMut   .         Stasis   .     f - +0 pair of boots
MR     .....                    (no amulet)
Stlth  ..........               o - +4 ring of evasion
                                J - ring "Myozing" {rPois AC+3 Int+2}

@: not resistant to hostile enchantments, extremely unstealthy
A: retaliatory headbutt, horns 2, clarity
a: Minor Destruction, Lesser Servant of Makhleb, Major Destruction, Greater
Servant of Makhleb, Renounce Religion


You were on level 10 of the Dungeon.
You worshipped Makhleb.
Makhleb was extremely pleased with you.
You were not hungry.

You visited 1 branch of the dungeon, and saw 10 of its levels.
You also visited: Sewer.

You collected 561 gold pieces.
You spent 195 gold pieces at shops.

Inventory:

Hand Weapons
 a - a +3 quarterstaff (weapon)
 h - a +2 quarterstaff of chaos
Missiles
 d - 5 throwing nets (quivered)
Armour
 c - a +0 hat (worn)
 f - a +0 pair of boots (worn)
 l - a +0 pair of gloves (worn)
 r - a +0 cloak (worn)
 u - a +3 plate armour (worn)
Jewellery
 o - a +4 ring of evasion (right hand)
 J - the ring "Myozing" (left hand) {rPois AC+3 Int+2}
   (You found it on level 7 of the Dungeon)

   [ring of protection]

   It affects your AC (+3).
   It affects your intelligence (+2).
   It protects you from poison.
 M - an uncursed ring of wizardry
Wands
 b - a wand of polymorph (13)
 w - a wand of magic darts (48)
 G - a wand of digging (8)
 K - a wand of digging (14)
Scrolls
 g - 7 scrolls of identify
 j - 7 scrolls of teleportation
 q - 4 scrolls of remove curse
 x - 2 scrolls of magic mapping
 y - a scroll of immolation
Potions
 k - 5 potions of curing
 n - 6 potions of heal wounds
 t - 2 potions of flight
 F - a potion of might
Books
 s - a book of Air

   Spells                             Type                      Level
   a - Shock                          Conjuration/Air              1
   b - Swiftness                      Charms/Air                   2
   c - Repel Missiles                 Charms/Air                   2
   d - Static Discharge               Conjuration/Air              3
   e - Lightning Bolt                 Conjuration/Air              5
 B - an Akashic Record

   Spells                             Type                      Level
   a - Dispersal                      Translocation                6
   b - Malign Gateway                 Summoning/Translocation      7
   c - Disjunction                    Translocation                8
   d - Controlled Blink               Translocation                8
 E - a book of Geomancy

   Spells                             Type                      Level
   a - Sandblast                      Earth                        1
   b - Stoneskin                      Transmutation/Earth          2
   c - Passwall                       Transmutation/Earth          3
   d - Stone Arrow                    Conjuration/Earth            3
   e - Petrify                        Transmutation/Earth          4
   f - Lee's Rapid Deconstruction     Earth                        5
 N - a book of Hinderance

   Spells                             Type                      Level
   a - Confusing Touch                Hexes                        2
   b - Confuse                        Hexes                        3
   c - Gell's Gravitas                Hexes/Translocation          3
   d - Petrify                        Transmutation/Earth          4
   e - Metabolic Englaciation         Hexes/Ice                    5
Miscellaneous
 C - a phantom mirror
Comestibles
 e - 7 bread rations
 i - 8 meat rations
 m - 20 fruits
 p - 2 beef jerkies
 v - 3 chunks of flesh
 I - 6 slices of pizza


   Skills:
 * Level 14.7 Fighting
 + Level 11.2 Staves
 - Level 2.0 Throwing
 + Level 10.5 Armour
 - Level 3.2 Dodging


You had 10 spell levels left.
You didn't know any spells.

Dungeon Overview and Level Annotations

Branches:
Dungeon (10/15)            Temple (0/1) D:5             Orc (0/4) D:9
   Lair: D:8-11

Altars:
Dithmenos
Gozag
Kikubaaqudgha
Makhleb
Sif Muna
Trog
Yredelemnul
Zin

Shops:
D:5 %(*}:

Annotations:
D:10 Urug


Innate Abilities, Weirdness & Mutations

You reflexively headbutt those who attack you in melee.
You have a pair of horns on your head.
You possess an exceptional clarity of mind.


Message History

The ogre hits you but does no damage.
You sock the ogre!
The ogre is severely wounded.
You sock the ogre!
You kill the ogre!
Makhleb accepts your kill.
You feel better. Urug hits you with a war axe!!
* * * LOW HITPOINT WARNING * * *
Urug hits you but does no damage.
You see here a giant club.
You closely miss Urug.
Urug is moderately wounded.
You hit Urug but do no damage.
Urug is moderately wounded.
Urug hits you with a war axe!
* * * LOW HITPOINT WARNING * * *
You hit Urug but do no damage. You headbutt Urug.
Urug is heavily wounded.
Urug hits you with a war axe!
You die...

..................#
..........#####...#
..........# #(..#
..........# #.(.#
..........# #.(.#
.........# #.(.# .
#####..#####.(>###..#
#.....o.........#
#.....@..(.....>#
#..####..)......# #
#.........#
#..........
#.......(..
#......[...
..........#
...........#


You could see Urug.

Vanquished Creatures
  Erolcha (D:8)
  A hydra (D:9)
  The ghost of CollectiveS the Destroyer, a novice TeCj of Vehumet (D:9)
  A hill giant (D:9)
  Joseph (D:8)
  The ghost of Heskey the Skirmisher, an amateur MiGl (D:4)
  Sigmund (D:3)
  6 yaks (D:9)
  A wyvern (D:9)
  A hippogriff (D:8)
  Eustachio (D:5)
  A hungry ghost (D:9)
  Grum (D:8)
  4 wolves (D:8)
  A wraith (D:10)
  8 ogres
  An eye of draining (D:9)
  2 sky beasts (D:7)
  5 phantoms
  2 ice beasts
  4 orc warriors
  5 centaurs
  7 big kobolds
  An elf zombie (D:10)
  3 giant frogs
  An elf skeleton (D:10)
  A wight (D:10)
  2 scorpions
  A troll skeleton (D:10)
  4 crimson imps
  6 orc priests
  3 human zombies (D:10)
  2 giant frog zombies
  A centaur zombie (D:6)
  5 hounds
  3 jellies
  Crazy Yiuf (D:3)
  A giant frog skeleton (D:6)
  3 gnoll shamans (D:9)
  3 iguanas
  Jessica (D:2)
  3 orc wizards
  3 worker ants
  2 sheep (D:9)
  A hound zombie (D:9)
  3 mummies (D:10)
  2 worker ant zombies
  6 adders
  21 gnolls
  3 shadow imps
  2 oozes
  3 adder skeletons
  2 worms
  34 orcs
  2 ball pythons
  10 giant cockroaches
  11 goblins
  2 hobgoblins
  3 bats
  7 giant geckos
  A giant gecko zombie (D:5)
  3 giant newts
  17 jackals
  11 kobolds
  An orc skeleton (D:10)
  5 quokkas
  12 rats
  A plant (D:9)
270 creatures vanquished.

Vanquished Creatures (others)
  5 fungi (D:9)
  3 plants (D:9)
8 creatures vanquished.

Grand Total: 278 creatures vanquished

Notes
Turn   | Place    | Note
--------------------------------------------------------------
     0 | D:1      | Heskey the Minotaur Gladiator began the quest for the Orb.
     0 | D:1      | Reached XP level 1. HP: 18/18 MP: 0/0
   213 | D:1      | Reached XP level 2. HP: 20/25 MP: 1/1
   346 | D:1      | Reached skill level 4 in Staves
   917 | D:2      | Reached skill level 1 in Armour
  1068 | D:2      | Reached XP level 3. HP: 16/31 MP: 2/2
  1290 | D:2      | Found a burning altar of Makhleb.
  1365 | D:2      | Found a faded altar to an unknown god.
  1563 | D:2      | Became a worshipper of Makhleb the Destroyer
  1940 | D:2      | Gained mutation: You possess an exceptional clarity of mind. [potion of beneficial mutation]
  1943 | D:3      | Noticed Sigmund
  2102 | D:2      | Reached XP level 4. HP: 32/40 MP: 3/3
  2124 | D:3      | Killed Sigmund
  2124 | D:3      | Reached skill level 5 in Fighting
  2124 | D:3      | Reached skill level 5 in Staves
  2124 | D:3      | Reached XP level 5. HP: 40/48 MP: 4/4
  2139 | D:3      | Noticed Jessica
  2159 | D:2      | Killed Jessica
  2216 | D:3      | Reached XP level 6. HP: 26/56 MP: 5/5
  2349 | D:3      | Noticed Crazy Yiuf
  2354 | D:3      | Killed Crazy Yiuf
  2464 | D:3      | Reached * piety under Makhleb
  2531 | D:3      | Reached skill level 6 in Fighting
  2747 | D:3      | Found a bloodstained altar of Trog.
  3057 | D:4      | Found a deep blue altar of Sif Muna.
  3152 | D:4      | Noticed Heskey's ghost (amateur MiGl)
  3169 | D:4      | Killed Heskey's ghost
  3169 | D:4      | Reached skill level 7 in Fighting
  3169 | D:4      | Reached XP level 7. HP: 22/66 MP: 6/6
  3856 | D:5      | Entered Level 5 of the Dungeon
  3856 | D:5      | Found Kaepomad's Book Shop.
  3881 | D:5      | Reached ** piety under Makhleb
  3923 | D:5      | Found Xagaggyc's Gadget Shop.
  3954 | D:5      | Found a glowing drain.
  3958 | Sewer    | Entered a sewer
  4053 | Sewer    | Found a glowing silver altar of Zin.
  4190 | D:5      | Found Syabb's Assorted Antiques.
  4204 | D:5      | Reached skill level 5 in Armour
  4207 | D:5      | Bought a scroll of enchant armour for 195 gold pieces
  4267 | D:5      | Noticed Eustachio
  4268 | D:5      | Reached skill level 8 in Fighting
  4287 | D:5      | Killed Eustachio
  4287 | D:5      | Reached XP level 8. HP: 52/75 MP: 7/7
  4406 | D:5      | Found Mutae's Weapon Emporium.
  4426 | D:5      | Found a staircase to the Ecumenical Temple.
  4451 | D:5      | Found Ejoapn's Food Shop.
  4483 | D:5      | Your ally Eustachio died
  4529 | D:5      | Reached *** piety under Makhleb
  4784 | D:5      | Found a glowing silver altar of Zin.
  4957 | D:6      | Reached skill level 9 in Fighting
  5590 | D:7      | Reached **** piety under Makhleb
  5655 | D:7      | Reached skill level 10 in Fighting
  5690 | D:7      | Reached XP level 9. HP: 85/85 MP: 8/8
  5873 | D:7      | Got a warped marble ring
  6440 | D:7      | Reached skill level 11 in Fighting
  6623 | D:8      | Noticed Erolcha
  6649 | D:8      | Killed Erolcha
  6649 | D:8      | Reached skill level 12 in Fighting
  6685 | D:8      | Noticed Grum
  6686 | D:8      | Reached ***** piety under Makhleb
  6687 | D:8      | Reached XP level 10. HP: 97/97 MP: 9/9
  6688 | D:8      | Noticed Joseph
  6694 | D:8      | Killed Grum
  6711 | D:8      | Killed Joseph
  6765 | D:8      | Identified the ring "Myozing" {rPois AC+3 Int+2} (You found it on level 7 of the Dungeon)
  7343 | D:9      | Found a basalt altar of Yredelemnul.
  7468 | D:9      | Reached skill level 13 in Fighting
  7566 | D:9      | Reached skill level 10 in Staves
  7612 | D:9      | Noticed a hill giant
  7623 | D:9      | Killed a hill giant
  7717 | D:9      | Found a staircase to the Orcish Mines.
  8028 | D:9      | Found an opulent altar of Gozag.
  8028 | D:9      | Found a shadowy altar of Dithmenos.
  8088 | D:9      | Reached skill level 14 in Fighting
  8102 | D:9      | Reached skill level 10 in Armour
  8142 | D:9      | Noticed a two-headed hydra
  8149 | D:9      | Killed a two-headed hydra
  8149 | D:9      | Reached XP level 11. HP: 103/110 MP: 10/10
  8274 | D:9      | Noticed CollectiveS's ghost (novice TeCj)
  8295 | D:9      | Killed CollectiveS's ghost
  8532 | D:10     | Entered Level 10 of the Dungeon
  8669 | D:10     | Found an ancient bone altar of Kikubaaqudgha.
  8833 | D:10     | Noticed Urug
  8869 | D:10     | Slain by Urug

Action                   |  1- 3 |  4- 6 |  7- 9 | 10-12 || total
-------------------------+-------+-------+-------+-------++-------
Melee: Quarterstaff      |    65 |   103 |   292 |   358 ||   818
Throw: Throwing net      |       |     2 |       |       ||     2
  Use: Potion            |     9 |     1 |     3 |     3 ||    16
       Scroll            |     4 |     2 |     1 |     9 ||    16
 Stab: Held in net/web   |       |     1 |       |       ||     1
       Paralysed         |       |       |     5 |       ||     5
       Confused          |       |       |     2 |     2 ||     4
  Eat: Chunk             |     2 |     3 |    10 |     3 ||    18
       Fruit             |     1 |       |       |     2 ||     3
       Beef jerky        |       |       |     1 |       ||     1
       Meat ration       |       |       |     1 |       ||     1
